 Dungeon Crawl Stone Soup version 0.24.1 (webtiles) character file.

Game seed: 10677741150436267737, levelgen mode: deterministic

1076 seongnan the Chopper (level 8, -3/54 HPs)
             Began as an Octopode Fighter on Mar 22, 2020.
             Was an Initiate of Fedhas.
             Slain by a gnoll
             ... wielding a +0 spear
              (9 damage)
             ... on level 7 of the Dungeon.
             The game lasted 00:09:46 (5338 turns).

seongnan the Chopper (Octopode Fighter)             Turns: 5338, Time: 00:09:48

Health: -3/54      AC:  1    Str: 17    XL:     8   Next: 29%
Magic:  8/8        EV: 13    Int: 11    God:    Fedhas [......]
Gold:   195        SH: 11    Dex: 11    Spells: 7/7 levels left

rFire    . . .     SeeInvis .   j - +1 war axe (vamp)
rCold    . . .     Gourm    .   t - +2 shield
rNeg     . . .     Faith    .   (helmet restricted)
rPois    .         Spirit   .   i - amulet of regeneration
rElec    .         Reflect  .   A - ring of protection from magic
rCorr    .         Harm     .   (no ring)
MR       +....                  (no ring)
Stlth    ++++......             (no ring)
HPRegen  0.58/turn              (no ring)
MPRegen  0.11/turn              (no ring)
                                (no ring)
                                (no ring)

@: no status effects
A: almost no armour, stealthy swim, amphibious, 8 rings, constrict 8, camouflage
1, gelatinous body 1
a: Renounce Religion


You were on level 7 of the Dungeon.
You worshipped Fedhas.
Fedhas was noncommittal.
You were not hungry.

You visited 2 branches of the dungeon, and saw 8 of its levels.

You collected 195 gold pieces.

Inventory:

Hand Weapons
 a - a +0 trident
 j - a +1 vampiric war axe (weapon)
 m - a +3 dagger
 C - a +0 trident
Missiles
 s - 5 javelins (quivered)
 F - 29 poisoned darts
Armour
 b - a +0 shield
 t - a +2 shield (worn)
Jewellery
 i - an amulet of regeneration (around mantle)
 A - a ring of protection from magic (left tentacle)
Wands
 y - a wand of iceblast (12)
 D - a wand of paralysis (6)
Scrolls
 e - 2 scrolls of remove curse {unknown}
 f - a scroll of immolation {unknown}
 g - a scroll of noise {unknown}
 h - 3 scrolls of fear {unknown}
 o - 2 scrolls of blinking {unknown}
 q - 2 scrolls of random uselessness {unknown}
 u - 2 scrolls of identify {unknown}
 w - 3 scrolls of teleportation {unknown}
 x - a scroll of magic mapping {unknown}
 z - 2 scrolls of enchant armour {unknown}
 E - a scroll of fog {unknown}
Potions
 c - a potion of might
 k - a potion of curing
 l - 2 potions of heal wounds {unknown}
 n - 3 potions of brilliance {unknown}
 p - a potion of cancellation {unknown}
 r - 3 potions of flight {unknown}
 v - a potion of lignification {unknown}
 B - a potion of haste {unknown}
Comestibles
 d - 7 rations
 G - 8 chunks of flesh


   Skills:
 + Level 4.7 Fighting
 + Level 5.4(5.7) Axes
 - Level 2.4(4.2) Polearms
 + Level 0.3 Throwing
 + Level 4.4 Dodging
 * Level 4.7 Stealth
 + Level 5.1 Shields


You had 7 spell levels left.
You didn't know any spells.
Your spell library was empty.

Dungeon Overview and Level Annotations

Branches:
Dungeon (6/15)             Temple (1/1) D:6

Altars:
Ashenzari
Cheibriados
Dithmenos
Elyvilon
Fedhas
Gozag
Kikubaaqudgha
Makhleb
Qazlal
Ru
Sif Muna
Trog
Uskayaw
Vehumet
Wu Jian
Xom
Yredelemnul
Zin
The Shining One


Innate Abilities, Weirdness & Mutations

You cannot wear most types of armour.
You are very stealthy in the water. (Stealth+)
You are amphibious.
You can wear up to eight rings at the same time.
You can use your tentacles to constrict eight enemies at once.
Your skin changes colour to match your surroundings (Stealth+).
Your rubbery body absorbs attacks. (AC +1, EV +1)


Message History

You constrict the gnoll sergeant. The gnoll sergeant barely misses you.
You block the gnoll's attack. The gnoll closely misses you.
You block the gnoll's attack. The gnoll sergeant barely misses you.
You hit the gnoll sergeant but do no damage.
You squeeze the gnoll sergeant, but do no damage.
The gnoll sergeant is severely wounded.
You barely miss the gnoll. You constrict the gnoll sergeant.
The gnoll hits you from afar with a +0 spear.
The gnoll hits you from afar with a +0 spear!
* * * LOW HITPOINT WARNING * * *
You block the gnoll's attack.
The gnoll sergeant hits you with a +0 trident!
* * * LOW HITPOINT WARNING * * *
You hit the gnoll sergeant.
You feel better.
You kill the gnoll sergeant!
Fedhas accepts your kill.
You hit the gnoll.
You feel better.
The gnoll hits you from afar with a +0 spear!
You die...
Fedhas appreciates your contribution to the ecosystem.

### ..#+#####
#........
.5.......
#######gg......
......g).......
#@..# #(..# #...#
#####.#.#
...#.#.#####
.######.#.#......
.........>.#.#
######.##.#.#
###.##...#


You could see 3 gnolls and a shadow imp.

Vanquished Creatures
  An ogre (D:5)
  A gnoll sergeant (D:7)
  A howler monkey (D:5)
  A crimson imp (D:5)
  2 bullfrog zombies (D:5)
  A centaur zombie (D:3)
  2 bullfrog skeletons
  An orc priest (D:5)
  7 orc wizards
  Jessica (D:3)
  Terence (D:3)
  An iguana (D:5)
  Natasha (thrice) (D:3)
  2 worker ants (D:4)
  A hound zombie (D:5)
  4 gnolls
  5 adders
  A shadow imp (D:5)
  2 oozes
  An adder skeleton (D:5)
  4 worms
  3 dart slugs
  5 leopard geckos
  19 orcs
  A ball python (D:3)
  6 bats
  11 giant cockroaches
  8 goblins
  13 hobgoblins
  9 jackals
  6 kobolds
  5 quokkas
  2 frilled lizards (D:2)
  7 rats
138 creatures vanquished.

Vanquished Creatures (others)
  A goblin (D:1)
1 creature vanquished.

Grand Total: 139 creatures vanquished

Notes
Turn   | Place    | Note
-------+----------+-------------------------------------------
     0 | D:1      | seongnan the Octopode Fighter began the quest for the Orb.
     0 | D:1      | Reached XP level 1. HP: 16/16 MP: 1/1
    87 | D:1      | Reached XP level 2. HP: 20/21 MP: 2/2
   355 | D:1      | Reached XP level 3. HP: 21/26 MP: 3/3
   458 | D:1      | You fall into a shaft and drop 1 floor!
   611 | D:2      | Reached skill level 1 in Stealth
  1261 | D:2      | Reached XP level 4. HP: 26/32 MP: 4/4
  1721 | D:3      | Reached skill level 1 in Axes
  1786 | D:3      | Noticed Jessica
  1795 | D:3      | Reached XP level 5. HP: 23/37 MP: 5/5
  1938 | D:3      | Killed Jessica
  2028 | D:3      | Noticed Natasha
  2058 | D:3      | Killed Natasha
  2229 | D:3      | Noticed Terence
  2237 | D:3      | Killed Terence
  2237 | D:3      | Reached XP level 6. HP: 43/43 MP: 6/6
  2307 | D:3      | Found a sacrificial altar of Ru.
  2501 | D:3      | Noticed Natasha
  2513 | D:3      | Killed Natasha
  2838 | D:3      | Found a sacrificial altar of Ru.
  2870 | D:3      | Noticed Natasha
  2876 | D:3      | Killed Natasha
  3337 | D:4      | Noticed a phantom
  4172 | D:5      | Entered Level 5 of the Dungeon
  4191 | D:5      | Reached XP level 7. HP: 25/48 MP: 7/7
  4535 | D:5      | Reached skill level 5 in Axes
  4535 | D:5      | Reached XP level 8. HP: 51/54 MP: 8/8
  4608 | D:5      | Reached skill level 5 in Shields
  4835 | D:5      | Found a basalt altar of Yredelemnul.
  5020 | D:6      | Found a staircase to the Ecumenical Temple.
  5120 | Temple   | Entered the Ecumenical Temple
  5188 | Temple   | Became a worshipper of Fedhas Madash
  5230 | D:6      | You fall into a shaft and drop 1 floor!
  5337 | D:7      | HP: 1/54 [gnoll sergeant/+0 trident (8)]
  5338 | D:7      | Slain by a gnoll

Levels and vault maps discovered:
D:1:      dpeg_arrival_snail, layout_basic, lemuel_old_faithful
D:2:      layout_loops_cross
D:3:      layout_loops_ring, chequers_serial_rivers_marsh,
          nicolae_ru_path_of_blood, uniq_terence, uniq_natasha, uniq_jessica
D:4:      layout_layer_cave
D:5:      layout_basic, first_ration, hangedman_decor_points,
          yredelemnul_altar_generic
D:6:      layout_basic, minmay_temple_entry_junction_2,
          chequers_serial_rivers_micro_b, zaba_anthole, trog_book
D:7:      layout_basic, grunt_livestock
Temple:   regret_index_temple_sigil_plot

Skill      XL: |  1  2  3  4  5  6  7  8 |
---------------+-------------------------+-----
Stealth        | 1 2 3 4 |  4.7
Axes           | 1 2 4 5 |  5.4
Fighting       | 4 |  4.7
Dodging        | 4 |  4.4
Shields        | 4 5 |  5.1
Polearms       | |  2.4
Throwing       | |  0.3

Action                   |  1- 3 |  4- 6 |  7- 9 || total
-------------------------+-------+-------+-------++-------
Melee: Trident           |    63 |       |       ||    63
       Constrict         |    18 |    33 |    27 ||    78
       Tentacles         |    12 |    20 |    21 ||    53
       War axe           |    26 |   134 |   100 ||   260
Throw: Javelin           |       |     3 |     1 ||     4
  Use: Potion            |       |       |     2 ||     2
 Stab: Sleeping          |     6 |     6 |     1 ||    13
  Eat: Chunk             |     1 |     8 |     5 ||    14
Armor: Skin              |     5 |     5 |     6 ||    16
Dodge: Dodged            |    31 |    70 |    51 ||   152
Block: Shield            |    26 |    79 |    51 ||   156
